 Dungeon Crawl Stone Soup version 0.31-a0-667-g39726597b9 (webtiles) character file.

Game seed: 3015269925515910097

5359 CowFu the Mimic (level 10, -3/78 (86) HPs)
             Began as a Black Draconian Shapeshifter on Sept 3, 2023.
             Was an Elder of Dithmenos.
             Killed by divine providence
             ... invoked by Jeremiah
              (14 damage)
             ... on level 8 of the Dungeon.
             The game lasted 00:17:53 (8579 turns).

CowFu the Mimic (Black Draconian Shapeshifter)      Turns: 8579, Time: 00:17:54

HP:   -3/78 (86)    AC:  7    Str: 17    XL:     10   Next: 39%
MP:   10/10         EV: 20    Int: 10    God:    Dithmenos [****..]
Gold: 806           SH:  0    Dex: 15    Spells: 9/9 levels left

rFire   . . .        x - melded +2 short sword (speed)
rCold   . . .        (shield currently unavailable)
rNeg    + . .        (body armour unavailable)
rPois   .            (helmet restricted)
rElec   +            (no cloak)
rCorr   .            (gloves currently unavailable)
SInv    .            (no boots)
Will    .....        (no amulet)
Stlth   ++           s - +5 ring of evasion
HPRegen 0.33/turn    C - ring of positive energy
MPRegen 0.12/turn

%: no passive effects
@: blade hands, wreathed by umbra, drained
A: breathe lightning, AC +7, unfitting armour, electricity resistance,
cold-blooded
a: Breathe Lightning, Begin Untransformation, Renounce Religion, Shadow Step


You were on level 8 of the Dungeon.
You worshipped Dithmenos.
Dithmenos was greatly pleased with you.
You had blades for hands.
You visited 2 branches of the dungeon, and saw 9 of its levels.
You also visited: Ossuary and Bailey.

You collected 806 gold pieces.

Inventory:

Hand Weapons
 p - the +7 morningstar of Quick Subterfuge {drain, rC+ MP+9 Int+3}
   (You found it in a bailey)

   Int+3:     It affects your intelligence (+3).
   rC+:       It protects you from cold.
   MP+9:      It affects your magic capacity (+9).
 x - a +2 short sword of speed (melded)
 D - a +0 triple sword
 F - a +5 short sword
Missiles
 E - a throwing net
Armour
 u - a +0 cloak
Jewellery
 q - a ring of resist corrosion
 s - a +5 ring of evasion (left blade hand)
 B - a ring of magical power
 C - a ring of positive energy (right blade hand)
 K - a ring of ice
Talismans
 b - a beast talisman
 c - a flux talisman
 k - a blade talisman (active)
 v - a serpent talisman
Wands
 y - a wand of paralysis (8)
 z - a wand of iceblast (6)
 A - a wand of digging (7)
Scrolls
 d - a scroll of enchant armour
 e - a scroll of poison
 h - a scroll of teleportation {unknown}
 l - 4 scrolls of amnesia
 n - a scroll of fog
 r - 2 scrolls of fear
 t - a scroll of vulnerability
 G - a scroll of blinking
 H - a scroll of silence {unknown}
 I - a scroll of identify
Potions
 a - a potion of lignification
 f - 2 potions of brilliance
 g - 3 potions of cancellation
 i - a potion of haste
 j - a potion of curing
 m - a potion of ambrosia {unknown}
 o - a potion of berserk rage {unknown}
 w - a potion of degeneration {unknown}
 J - a potion of magic {unknown}


   Skills:
 + Level 7.5 Fighting
 + Level 6.3 Dodging
 + Level 7.3 Unarmed Combat
 - Level 10.0 Shapeshifting


You had 9 spell levels left.
You didn't know any spells.
Your spell library contained the following spells:

 Spells                   Type           Power      Damage    Failure   Level
 Ensorcelled Hibernation  Hex/Ice        0%         N/A       50%         2
 Passwall                 Tmut/Erth      0%         N/A       50%         2
 Frozen Ramparts          Ice            0%         1d1       75%         3
 Swiftness                Air            0%         N/A       75%         3
 Petrify                  Tmut/Erth      0%         N/A       98%         4
 Summon Lightning Spire   Summ/Air       0%         N/A       98%         4
 Lee's Rapid Deconstruct  Erth           0%         3d4*      100%        5
 Metabolic Englaciation   Hex/Ice        0%         N/A       100%        5
 Animate Armour           Summ/Erth      Unusable   N/A       N/A         4

Dungeon Overview and Level Annotations

Branches:
Dungeon (8/15)             Temple (1/1) D:5         Ossuary (visited)
 Bailey (visited)
   Lair: D:8-11

Altars:
Ashenzari
Cheibriados
Dithmenos
Elyvilon
Fedhas
Gozag
Hepliaklqana
Kikubaaqudgha
Makhleb
Nemelex Xobeh
Okawaru
Qazlal
Ru
Sif Muna
Uskayaw
Vehumet
Wu Jian
Xom
Yredelemnul
The Shining One

Annotations:
D:8 Jeremiah


Innate Abilities, Weirdness & Mutations

You have blades for hands.
You are incapable of wielding weapons or throwing items.
You can breathe wild blasts of lightning.
Your glossy black scales are hard. (AC +7)
You cannot fit into any form of body armour.
You are resistant to electric shocks. (rElec)
You are cold-blooded and may be slowed by cold attacks.


Message History

The butterfly disappears in a burst of colours!
Jeremiah hops!
You slash the butterfly!
You kill the butterfly!
The butterfly disappears in a burst of colours!
Jeremiah cries, "Fearful master, protect me!"
Something smites you!
There is an open door here.
The butterfly disappears in a burst of colours! x3
The butterfly disappears in a burst of colours!
There is an escape hatch in the floor here.
Jeremiah hits you from afar with a +3 trident of draining!
You partially resist.
You feel drained.
Jeremiah hits you with a +3 trident of draining!
* * * LOW HITPOINT WARNING * * *
You partially resist.
You feel drained.
* * * LOW HITPOINT WARNING * * *
You slash Jeremiah!
You tail-slap Jeremiah, but do no damage.
You slash Jeremiah.
Jeremiah is almost dead.
Your shadow hits Jeremiah.
Jeremiah hops!
Jeremiah's eyes momentarily flash bright red.
Jeremiah shouts, "O dreadful one, destroy my foe!"
Something smites you!
* * * LOW HITPOINT WARNING * * *
The butterfly disappears in a burst of colours! x2
Jeremiah trails rainbows from their fingertips.
Jeremiah hops!
You slice the butterfly!!
You kill the butterfly!
The butterfly disappears in a burst of colours! x2
The butterfly disappears in a burst of colours!
The butterfly disappears in a burst of colours!
Jeremiah hops!
The butterfly disappears in a burst of colours!
Jeremiah lets out a twisted cry.
Something smites you!
You die...
Jeremiah wails, "I didn't mean to kill anyone!
I'm not a murderer!"

#######
#######@....#
#Fbb[bb.>b..#
#######.bbb.#
#b.bb.#
#..bb.#
#...b....
####.#.##
#.#.b. #.#...


You could see Jeremiah.

Vanquished Creatures
  Pikel (D:8)
  Joseph (D:7)
  A hornet (D:7)
  A slime creature (D:7)
  A wyvern (D:7)
  3 vampire mosquitoes (D:6)
  2 water moccasins (D:7)
  Duvessa (D:6)
  A black bear (D:4)
  An ice beast (D:6)
  3 orc warriors (Bailey)
  A centaur (D:7)
  2 phantoms (D:6)
  5 kobold brigands (Bailey)
  A bullfrog (D:7)
  2 gnoll sergeants
  An elf zombie (Ossuary)
  A scorpion (D:6)
  5 wights
  Dowan (D:6)
  6 killer bees (D:7)
  3 electric eels (D:7)
  A centaur zombie (Ossuary)
  A hound (D:6)
  5 human zombies (Ossuary)
  4 orc priests
  10 jellies
  2 gnoll boudas
  An iguana (D:6)
  Crazy Yiuf (D:6)
  8 orc wizards (D:6)
  2 mummies (Ossuary)
  17 gnolls
  4 adders
  5 white imps
  2 ufetubi (D:4)
  2 adder zombies (Ossuary)
  2 worms
  22 orcs
  18 endoplasms
  4 giant cockroaches
  7 goblins
  4 hobgoblins
  11 jackals
  A quokka (D:4)
  8 ball pythons
  5 bats
  4 frilled lizards
  A goblin zombie (D:6)
  12 hobgoblin zombies (Ossuary)
  19 kobolds
  11 kobold zombies (Ossuary)
  5 orc zombies (Ossuary)
  4 rats
  A rat zombie (D:6)
248 creatures vanquished.

Notes
Turn   | Place    | Note
-------+----------+-------------------------------------------
     0 | D:1      | CowFu the Draconian Shapeshifter began the quest for the
                  | Orb.
     0 | D:1      | Reached XP level 1. HP: 16/16 MP: 1/1
   203 | D:1      | Reached XP level 2. HP: 18/23 MP: 2/2
   645 | D:2      | Reached skill level 4 in Shapeshifting
   745 | D:2      | Reached XP level 3. HP: 28/28 MP: 3/3
  1558 | D:3      | Reached XP level 4. HP: 35/35 MP: 4/4
  1957 | D:4      | Reached skill level 5 in Shapeshifting
  2081 | D:4      | Reached XP level 5. HP: 17/40 MP: 5/5
  2235 | D:4      | Reached skill level 6 in Shapeshifting
  2784 | D:5      | Entered Level 5 of the Dungeon
  2809 | D:5      | Found a staircase to the Ecumenical Temple.
  2819 | D:5      | Reached XP level 6. HP: 41/47 MP: 6/6
  2822 | Temple   | Entered the Ecumenical Temple
  2850 | Temple   | Became a worshipper of Dithmenos the Shadowed
  3317 | D:4      | Reached skill level 7 in Shapeshifting
  3616 | D:5      | Your scales start taking on a glossy black colour.
  3616 | D:5      | Reached XP level 7. HP: 19/52 MP: 7/7
  3616 | D:5      | Gained mutation: You are resistant to electric shocks.
                  | (rElec) [Black Draconian growth]
  4082 | D:6      | Noticed a vampire mosquito
  4082 | D:6      | Noticed a vampire mosquito
  4082 | D:6      | Noticed a vampire mosquito
  4096 | D:6      | Killed a vampire mosquito
  4097 | D:6      | Reached skill level 8 in Shapeshifting
  4101 | D:6      | Killed a vampire mosquito
  4109 | D:6      | Killed a vampire mosquito
  4110 | D:6      | Reached skill level 9 in Shapeshifting
  4110 | D:6      | Reached XP level 8. HP: 31/59 MP: 8/8
  4131 | D:6      | Found a sand-covered staircase.
  4152 | Ossuary  | Entered an ossuary
  4261 | Ossuary  | Reached * piety under Dithmenos
  4472 | Ossuary  | Reached ** piety under Dithmenos
  4571 | D:6      | Reached skill level 10 in Shapeshifting
  4842 | D:6      | Noticed Duvessa
  4843 | D:6      | Noticed Dowan
  5335 | D:6      | Found a burning altar of Makhleb.
  5336 | D:6      | Found a hazy altar of Hepliaklqana.
  5338 | D:6      | Found an ancient bone altar of Kikubaaqudgha.
  5383 | D:6      | Killed Duvessa
  5384 | D:6      | Reached XP level 9. HP: 70/70 MP: 9/9
  5389 | D:6      | Killed Dowan
  5695 | D:6      | Found a runed translucent door.
  5696 | D:6      | Noticed Crazy Yiuf
  5703 | D:6      | Killed Crazy Yiuf
  5787 | D:7      | Reached skill level 5 in Unarmed Combat
  5875 | D:7      | Noticed Joseph
  5894 | D:7      | Reached skill level 5 in Fighting
  5914 | D:7      | Killed Joseph
  5914 | D:7      | Reached *** piety under Dithmenos
  5995 | D:7      | Reached skill level 5 in Dodging
  6123 | D:7      | Found a flagged portal.
  6134 | Bailey   | Entered a bailey
  6351 | Bailey   | Found a burning altar of Makhleb.
  6375 | Bailey   | Reached XP level 10. HP: 50/84 MP: 10/10
  6507 | Bailey   | Identified the +7 morningstar of Quick Subterfuge {drain,
                  | rC+ MP+9 Int+3}
  7166 | D:7      | Reached **** piety under Dithmenos
  8218 | D:8      | Noticed Jeremiah
  8218 | D:8      | Noticed Pikel
  8233 | D:8      | Killed Pikel
  8579 | D:8      | Killed from afar by Jeremiah

Illustrated notes

Levels and vault maps discovered:
D:1:      eino_arrival_water_cross, layout_rooms
D:2:      layout_basic, nicolae_figureground_pulse
D:3:      layout_loops_ring, minmay_starry_boxes
D:4:      layout_cave_pods
D:5:      layout_basic, minmay_temple_entry_mist
D:6:      minmay_flawed_box, layout_basic, gammafunk_temple_overflow_forgotten,
          enter_ossuary_4, minmay_misc_feat_doors, dreamdust_gnoll_farm,
          uniq_crazy_yiuf_cottage, uniq_duvessa
D:7:      lemuel_slime, layout_layer_cave, enter_bailey_5, chequers_big_river,
          uniq_joseph
D:8:      layout_basic, trog_butcher_becter, chequers_serial_rivers_small_3,
          grunt_tough_drop, uniq_jeremiah, uniq_pikel, uniq_prince_ribbit1
Temple:   minmay_crystal_spiral_temple

Skill      XL: |  1  2  3  4  5  6  7  8  9 10 |
---------------+-------------------------------+-----
Shapeshifting  | 4 5 6 7 9 10 | 10.0
Dodging        | 3 5 6 |  6.3
Fighting       | 3 6 7 |  7.5
Unarmed Combat | 4 6 7 |  7.3

Action                     |  1- 3 |  4- 6 |  7- 9 | 10-12 || total
---------------------------+-------+-------+-------+-------++-------
  Melee: Unarmed           |    99 |       |   148 |   115 ||   362
         Tailslap          |    11 |    28 |    59 |    13 ||   111
         Punch             |     4 |     8 |    11 |     3 ||    26
         Short sword       |     2 |   170 |   329 |       ||   501
         Constrict         |       |       |    21 |       ||    21
    Use: Scroll            |       |       |    16 |       ||    16
         Potion            |       |       |     8 |       ||     8
   Stab: Sleeping          |     1 |       |     3 |       ||     4
 Armour: Skin              |    51 |    64 |   168 |    43 ||   326
  Dodge: Dodged            |    70 |   105 |   425 |   104 ||   704
   Form: Anaconda          |       |       |     1 |       ||     1
         Blade             |       |       |     1 |       ||     1
         Beast             |       |       |     1 |       ||     1

Table legend: (Time is in decaauts)
 A = Elapsed time spent in this place.
 B = Non-inter-level travel time spent in this place.
 C = Inter-level travel time spent in this place.
 D = Time resting spent in this place.
 E = Time spent auto-exploring this place.
 F = Levels seen in this place.
 G = Mean time per level.
                   A        B        C        D        E       F      G
               +--------+--------+--------+--------+--------+-----+--------+
         Total |   8390 |   8206 |    184 |     42 |   6194 |  11 |  762.7 |
       Dungeon |   7631 |   7453 |    178 |     42 |   5808 |   8 |  953.9 |
        Temple |     35 |     29 |      6 |      0 |      0 |   1 |   35.0 |
       Ossuary |    325 |    325 |      0 |      0 |    102 |   1 |  325.0 |
        Bailey |    397 |    397 |      0 |      0 |    284 |   1 |  397.0 |
               +--------+--------+--------+--------+--------+-----+--------+

Top non-repeatable levels by time:
     D:7: 2235 daAuts
     D:5: 1226 daAuts
     D:6: 1163 daAuts
     D:4: 925 daAuts
     D:3: 826 daAuts
     D:1: 625 daAuts
     D:2: 527 daAuts
  Bailey: 397 daAuts
 Ossuary: 325 daAuts
     D:8: 100 daAuts
  Temple: 35 daAuts
